 Dungeon Crawl Stone Soup version 0.29-a0-284-gf9362112df (webtiles) character file.

Game seed: 1217254181491275679

254 sokol815 the Sneak (level 5, -4/41 HPs)
             Began as a Demonspawn Delver on Mar 25, 2022.
             Was a Follower of Dithmenos.
             Slain by Edmund
             ... wielding a +2 antimagic flail
              (13 damage)
             ... on level 4 of the Dungeon.
             The game lasted 00:06:42 (2303 turns).

sokol815 the Sneak (Demonspawn Delver)              Turns: 2303, Time: 00:06:43

Health: -4/41      AC:  3    Str: 12    XL:     5   Next: 90%
Magic:  0/5        EV: 12    Int: 13    God:    Dithmenos [*.....]
Gold:   34         SH:  0    Dex: 15    Spells: 4/4 levels left

rFire   . . .      SeeInvis .   f - +1 war axe
rCold   . . .      Faith    .   (no shield)
rNeg    . . .      Spirit   .   b - +0 leather armour
rPois   .          Reflect  .   (no helmet)
rElec   .          Harm     .   (no cloak)
rCorr   .          Rampage  .   (no gloves)
Will    .....                   (no boots)
Stlth   +++.......              (no amulet)
HPRegen 0.13/turn               (no ring)
MPRegen 0.09/turn               (no ring)

@: wreathed by umbra
A: demonic guardian 2, foul stench 1
a: Renounce Religion


You were on level 4 of the Dungeon.
You worshipped Dithmenos.
Dithmenos was aware of your devotion.
You visited 2 branches of the dungeon, and saw 3 of its levels.
You also visited: Sewer.

You collected 34 gold pieces.

Inventory:

Hand Weapons
 a - a +0 mace
 f - a +1 war axe (weapon)
   (You found it on level 5 of the Dungeon)
Missiles
 e - a curare-tipped dart
 s - 2 stones (quivered)
Armour
 b - a +0 leather armour (worn)
Wands
 d - a wand of digging (3)
Scrolls
 c - a scroll of fog
 h - a scroll of blinking {unknown}
 i - 2 scrolls of teleportation {unknown}
 E - a scroll of fear
 X - a scroll of magic mapping {@r4!r}
Potions
 g - a potion of magic {unknown}


   Skills:
 - Level 3.2 Fighting
 + Level 4.7(4.9) Axes
 - Level 2.1(3.6) Maces & Flails
 - Level 2.1 Dodging
 - Level 4.7 Stealth


You had 4 spell levels left.
You didn't know any spells.
Your spell library was empty.

Dungeon Overview and Level Annotations

Branches:
Dungeon (5/15)             Temple (1/1) D:5           Sewer (visited)

Altars:
Dithmenos
Hepliaklqana
Kikubaaqudgha
Makhleb
Okawaru
Qazlal
Ru
Trog
Uskayaw
Wu Jian
Xom
Yredelemnul
The Shining One

Annotations:
D:4 Edmund


Innate Abilities, Weirdness & Mutations

A demonic guardian rushes to your aid.
You may rarely emit foul miasma when damaged in melee.


Message History

Dithmenos accepts your kill.
You are shrouded in an aura of darkness!
The worm bites you!
Your Axes skill increases to level 4!
You take 11 damage, and have 29/41 hp.
MASSIVE DAMAGE!!
You hit the worm.
You feel sick.
The worm splashes around in the water.
You take 2 damage, and have 27/41 hp.
You hit the worm.
You feel sick.
The worm splashes around in the water.
You take 1 damage, and have 26/41 hp.
You barely miss the worm.
You feel sick.
You take 1 damage, and have 25/41 hp.
You hit the worm but do no damage.
You feel sick.
You are no longer poisoned.
The worm bites you.
You take 6 damage, and have 19/41 hp.
You slash the worm! The worm closely misses you.
You hit the worm.
You kill the worm!
Dithmenos accepts your kill.
You are too injured to fight recklessly!
You closely miss the shadow imp.
The shadow imp grinds its teeth.
The shadow imp misses you.
You hit the shadow imp. The shadow imp barely misses you.
You hit the shadow imp but do no damage.
The shadow imp misses you. The shadow imp barely misses you.
You barely miss the shadow imp.
The shadow imp splashes around in the water.
You slash the shadow imp!
You kill the shadow imp!
Dithmenos accepts your kill.
You start resting.
Health restored: 41 You enter the shallow water.
Moving in this stuff is going to be slow.
h - a scroll labelled ZOPEKKUL BAEVI
i - 2 scrolls labelled SELARHEPSO (gained 1)
You now have 18 gold pieces (gained 6).
You now have 28 gold pieces (gained 10).
You now have 34 gold pieces (gained 6).
An iguana comes into view.
There is a stone staircase leading up here.
You climb upwards.
There is a stone staircase leading down here.
A necrophage and a black bear come into view.
The black bear growls angrily.
The necrophage hits you.
You feel drained.
There is a stone staircase leading down, spattered with blood here.
You take 4 damage, and have 37/40 hp.
The necrophage barely misses you.
You climb downwards.
There is a stone staircase leading up here.
You barely miss the necrophage. The necrophage closely misses you.
You barely miss the necrophage. The necrophage misses you.
You slash the necrophage!
The necrophage hits you but does no damage.
You closely miss the necrophage. The necrophage hits you.
You feel drained.
The necrophage hits you but does no damage.
You take 7 damage, and have 31/39 hp.
You closely miss the necrophage. The necrophage barely misses you.
You closely miss the necrophage.
The necrophage hits you but does no damage.
You slash the necrophage!
The necrophage hits you but does no damage. x2
You hit the necrophage.
The necrophage hits you but does no damage.
You closely miss the necrophage. The necrophage barely misses you.
You slash the necrophage!
You destroy the necrophage!
Dithmenos accepts your kill.
Your life force feels restored.
You see here a necrophage corpse.
An orc comes into view. It is wielding a +0 flail.
There is a stone staircase leading up here.
You climb upwards.
There is a stone staircase leading down here.
Edmund the Younger comes into view.
He is wielding a +2 antimagic flail and carrying a wand of flame (3).
Edmund shouts!
Edmund grinds his teeth, and then sighs.
An adder comes into view.
Edmund hits you with a +2 antimagic flail!
You feel your power leaking away.
You take 11 damage, and have 23/41 hp.
MASSIVE DAMAGE!!
You now have 0/5 mp.
You hit Edmund.
Edmund says, "I might not be good at magic, but I can still kill you!"
Edmund barely misses you.
You hit Edmund but do no damage.
Edmund hits you with a +2 antimagic flail.
Edmund hits you with a +2 antimagic flail!
* * * LOW HITPOINT WARNING * * *
You take 14 damage, and have 9/41 hp.
MASSIVE DAMAGE!!
You barely miss Edmund.
Edmund hits you with a +2 antimagic flail!
You die...

.. .# ##. S###
##.. ... ...
..# .. ..#
..####. ..#
.......####..#
.......>.....#
######...@.#.#
#....@# #
#).........
#.#.....#..#
#.#....:#..# #
###.#.. .#
#.#.#..#
.......


You could see Edmund.

Vanquished Creatures
  A kobold brigand (Sewer)
  A necrophage (D:5)
  7 adders
  2 river rats (Sewer)
  A shadow imp (D:5)
  A worm (D:5)
  4 jackals (Sewer)
  3 ball pythons (Sewer)
  A frilled lizard (Sewer)
  A kobold (Sewer)
22 creatures vanquished.

Vanquished Creatures (collateral kills)
  An adder (Sewer)
  A river rat (Sewer)
  A ball python (Sewer)
  A kobold (Sewer)
4 creatures vanquished.

Vanquished Creatures (others)
  29 plants (Sewer)
29 creatures vanquished.

Grand Total: 55 creatures vanquished

Notes
Turn   | Place    | Note
-------+----------+-------------------------------------------
     0 | D:5      | sokol815 the Demonspawn Delver began the quest for the Orb.
     0 | D:5      | Reached XP level 1. HP: 18/18 MP: 1/1
     9 | D:5      | Found a staircase to the Ecumenical Temple.
    18 | Temple   | Entered the Ecumenical Temple
    85 | Temple   | Became a worshipper of Dithmenos the Shadowed
    97 | D:5      | HP: 3/18 [adder (3)]
    99 | D:5      | Reached skill level 2 in Maces & Flails
    99 | D:5      | Reached skill level 2 in Dodging
    99 | D:5      | Gained mutation: A weak demonic guardian rushes to your
                  | aid. [demonic ancestry]
    99 | D:5      | Reached XP level 2. HP: 2/24 MP: 2/2
   148 | D:5      | Noticed a vampire
   152 | D:5      | HP: 5/24 [adder (2)]
   198 | D:5      | Found a glowing drain.
   205 | D:5      | HP: 6/24 [worm (1)]
   208 | Sewer    | Entered a sewer
   571 | Sewer    | HP: 6/24 [river rat (8)]
   573 | Sewer    | Reached skill level 1 in Axes
   573 | Sewer    | Gained mutation: A demonic guardian rushes to your aid.
                  | [demonic ancestry]
   573 | Sewer    | Reached XP level 3. HP: 5/29 MP: 3/3
   851 | Sewer    | Noticed a kobold brigand
   922 | Sewer    | HP: 7/29 [river rat (6)]
   923 | Sewer    | Reached skill level 2 in Axes
  1225 | Sewer    | Gained mutation: You may rarely emit foul miasma when
                  | damaged in melee. [demonic ancestry]
  1225 | Sewer    | Reached XP level 4. HP: 35/35 MP: 4/4
  1668 | Sewer    | Reached skill level 3 in Axes
  1962 | Sewer    | Killed a kobold brigand
  1963 | Sewer    | Reached XP level 5. HP: 41/41 MP: 5/5
  1999 | D:5      | Reached * piety under Dithmenos
  2000 | D:5      | Reached skill level 4 in Axes
  2271 | D:4      | Noticed a black bear
  2297 | D:4      | Noticed Edmund
  2302 | D:4      | HP: 9/41 [Edmund/+2 antimagic flail (9)]
  2303 | D:4      | Slain by Edmund

Illustrated notes

Levels and vault maps discovered:
D:4:      layout_loops_ring, cheibrodos_worm_habitat,
          nemelex_spade_bored_becter, st_stairs_9, hangedman_decor_slide_cut,
          kennysheep_generic_room_2, uniq_grinder, uniq_edmund
D:5:      layout_basic, lemuel_coloured_pillars_altar,
          minmay_temple_entry_purple_smoke, serial_shops, shop,
          cheibrodos_sewer_entry_bend, uniq_duvessa, uniq_blork_the_orc,
          uniq_pikel, uniq_eustachio
Temple:   dshaligram_water_room_temple

Skill      XL: |  1  2  3  4  5 |
---------------+----------------+-----
Maces & Flails | 2 |  2.1
Dodging        | 2 |  2.1
Axes           | 1 2 3 4 |  4.7
Fighting       | |  3.2
Stealth        | |  4.7

Action                   |  1- 3 |  4- 6 || total
-------------------------+-------+-------++-------
Melee: Mace              |     6 |       ||     6
       War axe           |    36 |    48 ||    84
Throw: Stone             |     2 |     6 ||     8
  Use: Scroll            |     1 |     2 ||     3
       Potion            |     1 |     1 ||     2
 Stab: Invisible         |       |     4 ||     4
       Sleeping          |       |     1 ||     1
Armor: Leather armour    |    11 |    10 ||    21
Dodge: Dodged            |    24 |    30 ||    54

Table legend: (Time is in decaauts)
 A = Elapsed time spent in this place.
 B = Non-inter-level travel time spent in this place.
 C = Inter-level travel time spent in this place.
 D = Time resting spent in this place.
 E = Time spent auto-exploring this place.
 F = Levels seen in this place.
 G = Mean time per level.
                   A        B        C        D        E       F      G
               +--------+--------+--------+--------+--------+-----+--------+
         Total |   2459 |   2453 |      6 |   1240 |    660 |   4 |  614.8 |
       Dungeon |    435 |    435 |      0 |    183 |     61 |   2 |  217.5 |
        Temple |     73 |     67 |      6 |      0 |      0 |   1 |   73.0 |
         Sewer |   1950 |   1950 |      0 |   1057 |    599 |   1 | 1950.0 |
               +--------+--------+--------+--------+--------+-----+--------+

Top non-repeatable levels by time:
   Sewer: 1950 daAuts
     D:5: 423 daAuts
  Temple: 73 daAuts
     D:4: 11 daAuts

Table legend:
 A = Kills in this place as a percentage of kills in entire the game.
 B = Kills by you in this place as a percentage of kills by you in the entire game.
 C = Kills by friends in this place as a percentage of kills by friends in the entire game.
 D = Other kills in this place as a percentage of other kills in the entire game.
 E = Experience gained in this place as a percentage of experience gained in the entire game.
 F = Experience gained in this place divided by the number of levels of this place that you have seen.
                   A       B       C       D       E      F
               +-------+-------+-------+-------+-------+----------------------
         Total | 100.0 | 100.0 | 100.0 |   N/A | 100.0 |  90.8
       Dungeon |  19.2 |  22.7 |   0.0 |   N/A |  36.1 |  65.5
         Sewer |  80.8 |  77.3 | 100.0 |   N/A |  63.9 | 232.0
               +-------+-------+-------+-------+-------+----------------------
